 Dungeon Crawl Stone Soup version 0.27.0-1-g7a089689b8 (webtiles) character file.

Game seed: 11654564779001118057

11243 ZombieSheep the Fighter (level 11, -8/89 HPs)
             Began as a Gnoll Wanderer on Aug 7, 2021.
             Was an Initiate of Gozag.
             Mangled by a torpor snail (11 damage)
             ... on level 1 of the Lair of Beasts.
             The game lasted 00:24:45 (12316 turns).

ZombieSheep the Fighter (Gnoll Wanderer)           Turns: 12316, Time: 00:24:46

Health: -8/89      AC: 13    Str: 14    XL:     11   Next: 74%
Magic:  20/20      EV: 11    Int: 14    God:    Gozag
Gold:   769        SH:  0    Dex: 10    Spells: 22/23 levels left

rFire    . . .     SeeInvis .   z - +5 war axe (freeze)
rCold    . . .     Faith    .   (no shield)
rNeg     . . .     Spirit   .   r - +0 scale mail
rPois    .         Reflect  .   y - +2 hat
rElec    .         Harm     .   e - +1 cloak
rCorr    .         Rampage  .   (no gloves)
Will     .....                  t - +0 pair of boots
Stlth    ++........             (no amulet)
HPRegen  0.24/turn              (no ring)
MPRegen  0.17/turn              (no ring)

@: slowed, very slow
A: fangs 1, strong nose, distributed training
a: Renounce Religion, Potion Petition, Call Merchant, Bribe Branch


You were on level 1 of the Lair of Beasts.
You worshipped Gozag.
Gozag was pleased with you.
You visited 2 branches of the dungeon, and saw 11 of its levels.

You collected 1663 gold pieces.
You spent 192 gold pieces at shops.
You paid 702 gold pieces to Gozag.

Inventory:

Hand Weapons
 a - a +3 demon trident of electrocution
 b - a +0 shortbow
 j - a +2 quarterstaff of chaos
 k - a +2 spear
 o - a +0 hunting sling
 z - a +5 war axe of freezing (weapon)
Missiles
 h - 140 stones
 l - 3 throwing nets
 p - 35 arrows
 s - 44 sling bullets
 u - 11 boomerangs (quivered)
Armour
 e - a +1 cloak (worn)
 r - a +0 scale mail (worn)
 t - a +0 pair of boots (worn)
 y - a +2 hat (worn)
 A - a +0 chain mail
Jewellery
 m - an amulet of magic regeneration
 n - a ring of fire
 x - a ring of fire
Wands
 c - a wand of polymorph (5)
Scrolls
 i - a scroll of amnesia {unknown}
 v - 2 scrolls of fear
 w - 4 scrolls of identify
Potions
 d - a potion of cancellation
 f - a potion of ambrosia
 g - 2 potions of magic
 q - 2 potions of curing


   Skills:
 + Level 9.3 Fighting
 + Level 6.6 Short Blades
 + Level 6.6 Long Blades
 + Level 6.6 Axes
 + Level 6.6 Maces & Flails
 + Level 6.6 Polearms
 + Level 6.6 Staves
 + Level 6.6 Slings
 + Level 6.6 Bows
 + Level 6.6 Crossbows
 + Level 6.6 Throwing
 + Level 8.1 Armour
 + Level 6.6 Dodging
 + Level 6.6 Stealth
 + Level 7.1 Shields
 + Level 6.6 Unarmed Combat
 + Level 6.6 Spellcasting
 + Level 5.9 Conjurations
 + Level 5.4 Hexes
 + Level 5.4 Summonings
 + Level 5.4 Necromancy
 + Level 5.4 Translocations
 + Level 5.4 Transmutations
 + Level 5.4 Fire Magic
 + Level 5.4 Ice Magic
 + Level 6.7 Air Magic
 + Level 5.4 Earth Magic
 + Level 5.4 Poison Magic
 + Level 7.2 Invocations
 + Level 7.1 Evocations


You had 22 spell levels left.
You knew the following spells:

 Your Spells              Type           Power      Damage    Failure   Level
a - Sting                 Tmut/Pois      76%        1d6       5%          1

Your spell library contained the following spells:

 Spells                   Type           Power      Damage    Failure   Level
 Magic Dart               Conj           84%        1d7       4%          1
 Corona                   Hex            21%        N/A       5%          1
 Call Imp                 Summ           19%        N/A       9%          2
 Ensorcelled Hibernation  Hex/Ice        38%        N/A       9%          2
 Mephitic Cloud           Conj/Pois/Air  21%        N/A       13%         3
 Ignite Poison            Fire/Tmut/Pois 19%        N/A       16%         3
 Ozocubu's Armour         Ice            19%        N/A       16%         3
 Tukima's Dance           Hex            19%        N/A       16%         3
 Ozocubu's Refrigeration  Ice            9%         4d6       100%        7


Dungeon Overview and Level Annotations

Branches:
Dungeon (10/15)            Temple (0/1) D:6            Lair (1/6) D:8
    Orc: D:9-12

Altars:
Ashenzari
Cheibriados
Fedhas
Gozag
Hepliaklqana
Kikubaaqudgha
Nemelex Xobeh
Okawaru
Qazlal
Ru
Sif Muna
Uskayaw
Zin

Shops:
D:3 *   D:7 (:[[   D:10 *

Annotations:
D:8 exclusion: orange crystal statue


Innate Abilities, Weirdness & Mutations

You have very sharp teeth.
Your uncanny sense of smell can sniff out nearby items.
Your experience applies equally to all skills.


Message History

You hit the torpor snail but do no damage.
You punch the torpor snail.
The torpor snail is severely wounded.
The torpor snail bites you. The torpor snail bites you!
You are too injured to fight recklessly!
You are too injured to fight recklessly!
You hit the torpor snail. You freeze the torpor snail.
You bite the torpor snail, but do no damage.
The torpor snail is severely wounded.
The torpor snail bites you but does no damage.
You hit the torpor snail but do no damage.
The torpor snail is severely wounded.
The torpor snail barely misses you.
You hit the torpor snail but do no damage.
You bite the torpor snail, but do no damage.
The torpor snail is severely wounded.
The torpor snail barely misses you.
You hit the torpor snail. You freeze the torpor snail.
The torpor snail is severely wounded.
The torpor snail bites you!
* * * LOW HITPOINT WARNING * * *
The torpor snail bites you but does no damage.
You completely miss the torpor snail.
You bite the torpor snail, but do no damage.
The torpor snail is severely wounded.
The torpor snail bites you.
* * * LOW HITPOINT WARNING * * *
You slash the torpor snail! You freeze the torpor snail.
The torpor snail is almost dead.
The torpor snail bites you!
* * * LOW HITPOINT WARNING * * *
You hit the torpor snail. You freeze the torpor snail.
The torpor snail is almost dead.
The torpor snail bites you.
* * * LOW HITPOINT WARNING * * *
You hit the torpor snail but do no damage.
The torpor snail is almost dead.
The torpor snail bites you!
You die...
Your body crumbles into a pile of gold.

.##.# ..### .... .## #..
... ...# .# ..#.. .....
.# ..P.. ..... .# ...
...... .# #..###.....P
.# #.##........ .####
#..$@w##P..# ....# ###
##..#.#≈≈≈≈..
....####.###.....#≈≈≈≈..
.................#≈≈≈#..
...............#.##.##.#
#...#####.###.#........#
#...## ### #.##........
#...P# #.#.........
...<.##### ... .....$


You could see a torpor snail.

Vanquished Creatures
  Gastronok (D:8)
  A two-headed ogre (D:10)
  A black mamba (Lair:1)
  A gargoyle (D:8)
  2 kobold demonologists (D:10)
  2 trolls
  Grinder (D:3)
  A wraith (D:10)
  A wyvern (D:9)
  A steam dragon (D:7)
  9 yaks (D:10)
  4 vampire mosquitoes (D:10)
  A basilisk (Lair:1)
  A water moccasin (D:7)
  A floating eye (shapeshifter) (D:10)
  A hornet zombie (D:7)
  3 orc warriors
  2 black bears (D:8)
  3 sky beasts
  3 centaurs (D:8)
  A necrophage (D:6)
  3 ogres
  2 phantoms
  4 kobold brigands
  6 bullfrogs
  A gnoll sergeant (D:10)
  3 scorpions
  A water moccasin skeleton (D:5)
  8 killer bees
  8 wights
  2 howler monkeys
  4 lava snakes (D:8)
  A bullfrog zombie (D:5)
  3 centaur zombies
  3 centaur skeletons
  Crazy Yiuf (D:2)
  3 gnoll shamans
  2 hounds (D:4)
  A bullfrog skeleton (D:6)
  2 iguanas
  Terence (D:3)
  6 orc wizards
  A killer bee zombie (D:7)
  A hound zombie (D:4)
  A hound skeleton (D:5)
  Robin (D:2)
  20 gnolls
  A howler monkey skeleton (D:4)
  6 adders
  A white imp (D:5)
  2 ufetubi
  A worm (D:3)
  2 dart slugs (D:1)
  15 orcs
  5 endoplasms
  3 giant cockroaches
  18 goblins
  7 hobgoblins
  6 jackals
  3 quokkas
  6 ball pythons
  5 bats
  5 frilled lizards
  40 kobolds
  4 rats
  A bush (D:2)
261 creatures vanquished.

Vanquished Creatures (others)
  17 fungi
  40 plants
57 creatures vanquished.

Grand Total: 318 creatures vanquished

Notes
Turn   | Place    | Note
-------+----------+-------------------------------------------
     0 | D:1      | ZombieSheep the Gnoll Wanderer began the quest for the Orb.
     0 | D:1      | ZombieSheep set off with the following items: a +2 spear, a
                  | +0 ring mail; and the following spell memorised: Sting; and
                  | the following spells available to memorise: Ignite Poison
     0 | D:1      | Reached XP level 1. HP: 23/23 MP: 1/1
   103 | D:1      | Reached XP level 2. HP: 28/29 MP: 2/2
   657 | D:2      | Reached XP level 3. HP: 25/35 MP: 3/3
   810 | D:2      | Reached skill level 1 in Invocations
  1408 | D:2      | Noticed a phantom
  1421 | D:2      | Killed a phantom
  1422 | D:2      | Reached skill level 1 in Short Blades
  1422 | D:2      | Reached skill level 1 in Long Blades
  1422 | D:2      | Reached skill level 1 in Axes
  1422 | D:2      | Reached skill level 1 in Maces & Flails
  1422 | D:2      | Reached skill level 1 in Polearms
  1422 | D:2      | Reached skill level 1 in Staves
  1422 | D:2      | Reached skill level 1 in Slings
  1422 | D:2      | Reached skill level 1 in Bows
  1422 | D:2      | Reached skill level 1 in Crossbows
  1422 | D:2      | Reached skill level 1 in Throwing
  1422 | D:2      | Reached skill level 1 in Dodging
  1422 | D:2      | Reached skill level 1 in Stealth
  1422 | D:2      | Reached skill level 1 in Unarmed Combat
  1422 | D:2      | Reached skill level 1 in Spellcasting
  1422 | D:2      | Reached skill level 1 in Hexes
  1422 | D:2      | Reached skill level 1 in Summonings
  1422 | D:2      | Reached skill level 1 in Necromancy
  1422 | D:2      | Reached skill level 1 in Translocations
  1422 | D:2      | Reached skill level 1 in Transmutations
  1422 | D:2      | Reached skill level 1 in Fire Magic
  1422 | D:2      | Reached skill level 1 in Ice Magic
  1422 | D:2      | Reached skill level 1 in Earth Magic
  1422 | D:2      | Reached skill level 1 in Poison Magic
  1422 | D:2      | Reached XP level 4. HP: 30/41 MP: 4/6
  1422 | D:2      | Reached XP level 5. HP: 35/47 MP: 4/7
  1745 | D:2      | Noticed Robin
  1772 | D:2      | Killed Robin
  2455 | D:2      | Found a runed translucent door.
  2456 | D:2      | Noticed Crazy Yiuf
  2466 | D:2      | Killed Crazy Yiuf
  2774 | D:3      | Found Rosk's Assorted Antiques.
  2836 | D:3      | Noticed Grinder
  2836 | D:3      | Paralysed by Grinder for 3 turns
  2846 | D:3      | Noticed Terence
  2854 | D:3      | Killed Terence
  2855 | D:3      | Reached XP level 6. HP: 53/53 MP: 8/8
  2992 | D:3      | Killed Grinder
  2993 | D:3      | Reached skill level 5 in Armour
  2993 | D:3      | Reached XP level 7. HP: 47/59 MP: 8/10
  3303 | D:4      | Found a shimmering blue altar of Sif Muna.
  3420 | D:4      | Reached skill level 7 in Fighting
  3700 | D:4      | Found a sparkling altar of Nemelex Xobeh.
  4389 | D:5      | Entered Level 5 of the Dungeon
  4436 | D:5      | Found a hazy altar of Hepliaklqana.
  4445 | D:5      | Found an opulent altar of Gozag.
  4529 | D:5      | Found a stormy altar of Qazlal.
  4544 | D:5      | Reached XP level 8. HP: 45/67 MP: 12/12
  4782 | D:5      | Found a snail-covered altar of Cheibriados.
  5109 | D:5      | Became a worshipper of Gozag Ym Sagoz the Greedy
  5831 | D:6      | Found a broken altar of Ashenzari.
  5910 | D:6      | Found a staircase to the Ecumenical Temple.
  6141 | D:6      | Found a glowing silver altar of Zin.
  6199 | D:7      | Found Zusutouz's Antique Armour Shoppe.
  6220 | D:7      | Reached XP level 9. HP: 71/72 MP: 14/14
  6231 | D:7      | Reached skill level 5 in Air Magic
  6476 | D:7      | Reached skill level 5 in Shields
  6476 | D:7      | Reached skill level 5 in Evocations
  6649 | D:7      | Reached skill level 8 in Fighting
  6736 | D:7      | Found Zyruhuv's Armour Shoppe.
  6916 | D:7      | Reached skill level 5 in Invocations
  7121 | D:7      | Found a blossoming altar of Fedhas.
  7122 | D:7      | Found an iron altar of Okawaru.
  7170 | D:7      | Found Iciff's Antique Weapon Shoppe.
  7182 | D:7      | Bought a steaming spear for 192 gold pieces
  7182 | D:7      | Identified the +10 spear "Lantoot" {venom, *Rage +Rage
                  | Int+4} (You bought it in a shop on level 7 of the Dungeon)
  7565 | D:7      | Found Mehecw's Book Boutique.
  7849 | D:8      | Noticed a gargoyle
  7853 | D:8      | Killed a gargoyle
  7854 | D:8      | Reached XP level 10. HP: 73/80 MP: 17/17
  7976 | D:8      | Found a hide-covered altar of Uskayaw.
  7980 | D:8      | Reached skill level 5 in Short Blades
  7980 | D:8      | Reached skill level 5 in Long Blades
  7980 | D:8      | Reached skill level 5 in Axes
  7980 | D:8      | Reached skill level 5 in Maces & Flails
  7980 | D:8      | Reached skill level 5 in Polearms
  7980 | D:8      | Reached skill level 5 in Staves
  7980 | D:8      | Reached skill level 5 in Slings
  7980 | D:8      | Reached skill level 5 in Bows
  7980 | D:8      | Reached skill level 5 in Crossbows
  7980 | D:8      | Reached skill level 5 in Throwing
  7980 | D:8      | Reached skill level 5 in Dodging
  7980 | D:8      | Reached skill level 5 in Stealth
  7980 | D:8      | Reached skill level 5 in Unarmed Combat
  7980 | D:8      | Reached skill level 5 in Spellcasting
  8137 | D:8      | Noticed an orange crystal statue
  8234 | D:8      | Noticed Gastronok
  8260 | D:8      | Killed Gastronok
  8261 | D:8      | Reached skill level 5 in Conjurations
  8857 | D:8      | Found a staircase to the Lair.
 10022 | D:9      | Reached XP level 11. HP: 76/87 MP: 19/19
 10190 | D:10     | Entered Level 10 of the Dungeon
 10261 | D:10     | Found Sast's General Store.
 10298 | D:10     | Reached skill level 9 in Fighting
 10364 | D:10     | Reached skill level 5 in Hexes
 10364 | D:10     | Reached skill level 5 in Summonings
 10364 | D:10     | Reached skill level 5 in Necromancy
 10364 | D:10     | Reached skill level 5 in Translocations
 10364 | D:10     | Reached skill level 5 in Transmutations
 10364 | D:10     | Reached skill level 5 in Fire Magic
 10364 | D:10     | Reached skill level 5 in Ice Magic
 10364 | D:10     | Reached skill level 5 in Earth Magic
 10364 | D:10     | Reached skill level 5 in Poison Magic
 10364 | D:10     | Found a sacrificial altar of Ru.
 10650 | D:10     | Noticed a two-headed ogre
 10655 | D:10     | Killed a two-headed ogre
 10959 | D:10     | Noticed a salamander
 10963 | D:10     | a salamander changed into a floating eye
 11873 | D:10     | Found an ancient bone altar of Kikubaaqudgha.
 12027 | Lair:1   | Entered Level 1 of the Lair of Beasts
 12315 | Lair:1   | HP: 2/89 [torpor snail (4)]
 12316 | Lair:1   | Mangled by a torpor snail

Illustrated notes

Levels and vault maps discovered:
D:1:      saegor_arrival_simple_c, layout_loops_ring
D:2:      layout_loops_corners, uniq_crazy_yiuf_cottage, uniq_robin
D:3:      layout_rooms, serial_shops, nicolae_shop_waterfront, uniq_grinder,
          uniq_terence
D:4:      layout_loops_corners, led_sif_book, nemelex_dance_club_becter
D:5:      layout_rooms, nicolae_gozag_seed_capital,
          nicolae_hepliaklqana_hazy_memory, mainiacjoe_overflow_catch_the_wave
D:6:      layout_basic, zin_treasury, mainiacjoe_overflow_tiny_flanked,
          temple_doors_cd
D:7:      minmay_recursive_quarters, layout_loops_ring, minitemple,
          serial_shops, nicolae_stop_n_shop_1, shop, shop_fountains,
          nicolae_shop_behind_doors
D:8:      layout_basic, mainiacjoe_overflow_concentric_impassable,
          grunt_lair_entry_orc_guard_hut, disabler_island, uniq_gastronok
D:9:      kennysheep_kobold_camp, layout_cross, hangedman_decor_slide_cut
D:10:     layout_irregular_city, mainiacjoe_overflow_chevrons,
          lemuel_round_altar, serial_shops, shop
Lair:1:   layout_gridlike

Skill      XL: |  1  2  3  4  5  6  7  8  9 10 11 |
---------------+----------------------------------+-----
Conjurations   | 2 3 4 5 |  5.9
Invocations    | 1 2 3 4 5 6 7 |  7.2
Short Blades   | 1 2 3 4 5 6 |  6.6
Long Blades    | 1 2 3 4 5 6 |  6.6
Axes           | 1 2 3 4 5 6 |  6.6
Maces & Flails | 1 2 3 4 5 6 |  6.6
Polearms       | 1 2 3 4 5 6 |  6.6
Staves         | 1 2 3 4 5 6 |  6.6
Slings         | 1 2 3 4 5 6 |  6.6
Bows           | 1 2 3 4 5 6 |  6.6
Crossbows      | 1 2 3 4 5 6 |  6.6
Throwing       | 1 2 3 4 5 6 |  6.6
Dodging        | 1 2 3 4 5 6 |  6.6
Stealth        | 1 2 3 4 5 6 |  6.6
Unarmed Combat | 1 2 3 4 5 6 |  6.6
Spellcasting   | 1 2 3 4 5 6 |  6.6
Hexes          | 1 2 3 4 5 |  5.4
Summonings     | 1 2 3 4 5 |  5.4
Necromancy     | 1 2 3 4 5 |  5.4
Translocations | 1 2 3 4 5 |  5.4
Transmutations | 1 2 3 4 5 |  5.4
Fire Magic     | 1 2 3 4 5 |  5.4
Ice Magic      | 1 2 3 4 5 |  5.4
Earth Magic    | 1 2 3 4 5 |  5.4
Poison Magic   | 1 2 3 4 5 |  5.4
Shields        | 3 4 5 6 7 |  7.1
Evocations     | 3 4 5 6 7 |  7.1
Air Magic      | 4 5 6 |  6.7
Armour         | 5 6 7 8 |  8.1
Fighting       | 7 8 9 |  9.3

Action                   |  1- 3 |  4- 6 |  7- 9 | 10-12 || total
-------------------------+-------+-------+-------+-------++-------
Melee: Spear             |    96 |    41 |       |       ||   137
       Bite              |     6 |    10 |    21 |    32 ||    69
       Demon trident     |       |    83 |   367 |   283 ||   733
       Punch             |       |       |     1 |     5 ||     6
       War axe           |       |       |       |    35 ||    35
 Fire: Hunting sling     |    22 |    32 |       |    45 ||    99
       Shortbow          |       |       |       |    58 ||    58
Throw: Boomerang         |       |       |     4 |    15 ||    19
Invok: Potion Petition   |       |       |       |     1 ||     1
Evoke: Wand              |       |       |     4 |       ||     4
  Use: Scroll            |     2 |     2 |    10 |       ||    14
       Potion            |       |       |     4 |     1 ||     5
 Stab: Distracted        |     1 |       |       |     1 ||     2
       Invisible         |       |       |     7 |       ||     7
Armor: Ring mail         |    33 |    28 |    17 |       ||    78
       Skin              |       |    45 |       |       ||    45
       Scale mail        |       |       |   186 |   127 ||   313
Dodge: Dodged            |    40 |    37 |   184 |   145 ||   406
